 Dungeon Crawl Stone Soup version 0.22.1-1-ga44c0e56f4 (webtiles) character file.

11019 KleinerIrrer the Martial Artist (level 11, -4/71 (72) HPs)
             Began as an Octopode Fighter on Oct 19, 2018.
             Was a High Priest of Wu Jian.
             Slain by a four-headed hydra (15 damage)
             ... on level 12 of the Dungeon.
             The game lasted 00:37:23 (13986 turns).

KleinerIrrer the Martial Artist (Octopode Fighter) Turns: 13986, Time: 00:37:23

HP:   -4/71 (72)    AC:  1    Str: 19    XL:     11   Next: 71%
MP:   11/11         EV: 18    Int: 15    God:    Wu Jian [*****.]
Gold: 720           SH: 11    Dex: 16    Spells: 10/10 levels left

rFire    . . .     SeeInvis .     - Unarmed
rCold    . . .     Gourm    .   a - +0 shield
rNeg     . . .     Faith    .   (helmet restricted)
rPois    .         Spirit   .   C - amulet of regeneration
rElec    .         Reflect  .   f - +5 ring of intelligence
rCorr    .         Harm     .   y - +4 ring of strength
MR       .....                  (no ring)
Stlth    ++........             (no ring)
HPRegen  0.61/turn              (no ring)
MPRegen  0.12/turn              (no ring)
                                (no ring)
                                (no ring)

@: no status effects
A: almost no armour, stealthy swim, amphibious, 8 rings, constrict 8, camouflage
1, gelatinous body 1
a: Wall Jump, Serpent's Lash, Heavenly Storm, Renounce Religion


You were on level 12 of the Dungeon.
You worshipped Wu Jian.
Wu Jian was extremely pleased with you.
You were not hungry.

You visited 2 branches of the dungeon, and saw 13 of its levels.

You collected 720 gold pieces.

Inventory:

Hand Weapons
 s - a +0 blowgun
Missiles
 i - 90 poisoned needles
 E - 4 javelins (quivered)
Armour
 a - a +0 shield (worn)
Jewellery
 f - a +5 ring of intelligence (left tentacle)
 y - a +4 ring of strength (right tentacle)
 C - an amulet of regeneration (around mantle)
Wands
 t - a wand of random effects (95)
 w - a wand of flame (39)
 A - a wand of paralysis (11)
Scrolls
 d - 6 scrolls of teleportation
 h - a scroll of fear {unknown}
 k - 3 scrolls of remove curse
 l - 4 scrolls of amnesia
 n - 3 scrolls of immolation
 p - 2 scrolls of random uselessness
 q - 5 scrolls of blinking
 u - 5 scrolls of enchant weapon {unknown}
 v - 3 scrolls of magic mapping {unknown}
 z - a scroll of noise {unknown}
 B - 3 scrolls of enchant armour {unknown}
 D - a scroll of vulnerability {unknown}
Potions
 b - a potion of magic
 e - 6 potions of curing
 g - 2 potions of heal wounds
 j - a potion of ambrosia {unknown}
 m - a potion of mutation {unknown}
 r - 3 potions of haste
 x - 5 potions of brilliance
 F - a potion of flight {unknown}
Comestibles
 c - 22 rations
 o - 19 chunks of flesh


   Skills:
 + Level 5.7 Fighting
 + Level 8.5 Dodging
 + Level 8.5 Shields
 + Level 13.3 Unarmed Combat
 + Level 0.3 Evocations


You had 10 spell levels left.
You didn't know any spells.
Your spell library contained the following spells:

 Spells                   Type           Power        Failure   Level  Hunger
 Beastly Appendage        Tmut           #.....       52%         1    ##.....
 Corona                   Hex            #......      52%         1    ##.....
 Flame Tongue             Conj/Fire      #....        52%         1    ##.....
 Ensorcelled Hibernation  Hex/Ice        #.....       67%         2    ###....
 Sticks to Snakes         Tmut           #.......     67%         2    ###....
 Throw Flame              Conj/Fire      #.....       67%         2    ###....
 Confuse                  Hex            #.......     88%         3    ####...
 Conjure Flame            Conj/Fire      #.......     88%         3    ####...
 Dazzling Spray           Conj/Hex       #.....       88%         3    ####...
 Inner Flame              Hex/Fire       #.......     88%         3    ####...
 Spider Form              Tmut/Pois      #.........   88%         3    ####...
 Tukima's Dance           Hex            #.......     88%         3    ####...
 Ice Form                 Ice/Tmut       #.......     99%         4    #####..
 Sticky Flame             Conj/Fire      #.......     99%         4    #####..
 Blade Hands              Tmut           #.........   100%        5    ######.
 Fireball                 Conj/Fire      #.........   100%        5    ######.


Dungeon Overview and Level Annotations

Branches:
Dungeon (12/15)            Temple (1/1) D:4            Lair (0/6) D:9
    Orc (0/2) D:10

Altars:
Ashenzari
Cheibriados
Dithmenos
Elyvilon
Fedhas
Gozag
Hepliaklqana
Makhleb
Nemelex Xobeh
Okawaru
Qazlal
Ru
Sif Muna
Trog
Vehumet
Wu Jian
Xom
Yredelemnul
Zin
The Shining One
Lugonu

Annotations:
D:6 2 transporters, Sverke's ghost, novice GrMo
D:8 2 runed doors, Cykl0x's ghost, novice GrBe


Innate Abilities, Weirdness & Mutations

You cannot wear most types of armour.
You are very stealthy in the water. (Stealth+)
You are amphibious.
You can wear up to eight rings at the same time.
You can use your tentacles to constrict eight enemies at once.
Your skin changes colour to match your surroundings (Stealth+).
Your rubbery body absorbs attacks. (AC +1, EV +1)


Message History

The four-headed hydra bites you but does no damage.
The four-headed hydra bites you!
The four-headed hydra closely misses you.
You bludgeon the four-headed hydra!
Your tentacle-slap misses the four-headed hydra.
You squeeze the four-headed hydra.
The four-headed hydra is severely wounded.
Unknown command.
You bludgeon the four-headed hydra!
The four-headed hydra is almost dead.
The four-headed hydra bites you!
The four-headed hydra barely misses you. x2
The four-headed hydra completely misses you.
Unknown command.
You tentacle-slap the four-headed hydra.
The four-headed hydra is almost dead.
The four-headed hydra bites you! x2
* * * LOW HITPOINT WARNING * * *
The four-headed hydra bites you!
You die...

###......##... ... .###......
........#.#.#####)#####.[#......#
........##.......... ...###.....#
.........##.#####.#####.........#
.....................[..........#
..............###.###...........#
.......................#........#
.....######....D.......##.......#
..... #.....@.....###.......#
##.........## #.......#
#########.## #.......#
#..###.>.....# ##.#........##
#...#........ #####.......#
#.......# #........


You could see a four-headed hydra.

Vanquished Creatures
  A tengu warrior (D:12)
  An unseen horror (shapeshifter) (D:12)
  A cyclops (D:11)
  An ugly thing (D:11)
  A manticore (D:12)
  A yaktaur (D:12)
  4 trolls
  A hornet (D:12)
  Grinder (D:4)
  4 hippogriffs
  A shadow (D:12)
  A spriggan (D:7)
  4 yaks
  A wyvern (D:8)
  A hungry ghost (D:9)
  Duvessa (D:7)
  A porcupine (D:9)
  An orc warrior (D:8)
  An ice beast (D:11)
  2 sky beasts (D:8)
  A necrophage (D:12)
  3 ogres
  4 phantoms
  6 centaurs
  A crocodile (D:10)
  3 big kobolds
  Blork the orc (D:4)
  A gnoll sergeant (D:11)
  5 bullfrogs
  Dowan (D:7)
  2 scorpions
  3 troll zombies (D:10)
  23 killer bees
  A howler monkey (D:5)
  3 crimson imps
  A bullfrog zombie (D:5)
  3 bullfrog skeletons
  8 hounds
  3 jellies
  2 orc priests (D:5)
  3 orc wizards
  2 centaur skeletons
  A hell rat (D:9)
  2 iguanas
  7 worker ants
  5 ogre zombies (D:10)
  A hound zombie (D:7)
  2 hound skeletons (D:4)
  3 gnolls (D:11)
  5 adders
  A river rat (D:9)
  An adder skeleton (D:9)
  4 worms
  3 dart slugs
  9 leopard geckos
  40 orcs
  2 giant cockroaches
  3 goblins
  8 hobgoblins
  8 jackals
  3 quokkas
  2 ball pythons
  9 bats
  4 frilled lizards
  2 goblin skeletons (D:10)
  3 goblin zombies (D:10)
  A hobgoblin skeleton (D:10)
  3 hobgoblin zombies (D:10)
  A jackal skeleton (D:6)
  A jackal zombie (D:6)
  38 kobolds
  4 orc skeletons (D:10)
  12 orc zombies (D:10)
  A quokka zombie (D:8)
  6 rats
305 creatures vanquished.

Vanquished Creatures (others)
  3 fungi (D:11)
3 creatures vanquished.

Grand Total: 308 creatures vanquished

Notes
Turn   | Place    | Note
-------+----------+-------------------------------------------
     0 | D:1      | KleinerIrrer the Octopode Fighter began the quest for the
                  | Orb.
     0 | D:1      | Reached XP level 1. HP: 16/16 MP: 1/1
   209 | D:1      | Reached XP level 2. HP: 21/21 MP: 2/2
   861 | D:2      | Reached XP level 3. HP: 26/26 MP: 3/3
  1062 | D:2      | Found a glowing golden altar of the Shining One.
  1131 | D:2      | Found a burning altar of Makhleb.
  1145 | D:2      | Reached XP level 4. HP: 15/31 MP: 4/4
  1836 | D:2      | Reached skill level 3 in Unarmed Combat
  2186 | D:3      | Reached XP level 5. HP: 25/36 MP: 5/5
  2580 | D:3      | Found a faded altar of an unknown god.
  2949 | D:4      | Found a staircase to the Ecumenical Temple.
  2984 | Temple   | Entered the Ecumenical Temple
  2999 | Temple   | Became a worshipper of the Wu Jian Council
  3409 | D:4      | Reached XP level 6. HP: 43/43 MP: 6/6
  3489 | D:4      | Reached skill level 4 in Unarmed Combat
  3566 | D:4      | Noticed Grinder
  3567 | D:4      | Found a bloodstained altar of Trog.
  3577 | D:4      | Killed Grinder
  3577 | D:4      | Reached XP level 7. HP: 26/47 MP: 7/7
  3941 | D:4      | Found a shattered altar of Ashenzari.
  3960 | D:4      | Noticed Blork the orc
  3970 | D:4      | Killed Blork the orc
  3970 | D:4      | Reached skill level 5 in Unarmed Combat
  4302 | D:5      | Entered Level 5 of the Dungeon
  4433 | D:5      | Reached * piety under Wu Jian
  4577 | D:5      | Reached skill level 5 in Dodging
  4577 | D:5      | Reached skill level 6 in Unarmed Combat
  4706 | D:5      | Found a stormy altar of Qazlal.
  4809 | D:5      | Reached skill level 5 in Shields
  4809 | D:5      | Reached XP level 8. HP: 45/54 MP: 8/8
  4826 | D:5      | Found a white marble altar of Elyvilon.
  5174 | D:5      | Found a basalt altar of Yredelemnul.
  5313 | D:6      | Reached skill level 7 in Unarmed Combat
  5317 | D:6      | Noticed a purple ugly thing
  5327 | D:6      | Noticed Sverke's ghost (novice GrMo)
  5330 | D:6      | Found a transporter.
  5339 | D:6      | Found a transporter.
  5778 | D:6      | Reached ** piety under Wu Jian
  6289 | D:7      | Noticed a hippogriff
  6304 | D:7      | Killed a hippogriff
  6304 | D:7      | Reached skill level 8 in Unarmed Combat
  6475 | D:7      | Reached XP level 9. HP: 59/59 MP: 9/9
  6828 | D:6      | Found a radiant altar of Vehumet.
  7110 | D:7      | Noticed Duvessa
  7113 | D:7      | Noticed Dowan
  7118 | D:7      | Killed Dowan
  7121 | D:7      | Killed Duvessa
  7121 | D:7      | Reached skill level 9 in Unarmed Combat
  7537 | D:7      | Found a sacrificial altar of Ru.
  8047 | D:8      | Reached *** piety under Wu Jian
  8152 | D:8      | Found a shimmering altar of Xom.
  8154 | D:8      | Reached skill level 10 in Unarmed Combat
  8164 | D:8      | Found a burning altar of Makhleb.
  8167 | D:8      | Found a blossoming altar of Fedhas.
  8282 | D:8      | Found a sparkling altar of Nemelex Xobeh.
  8677 | D:8      | Reached XP level 10. HP: 65/65 MP: 10/10
  8796 | D:8      | Found a runed door.
  8796 | D:8      | Found a shimmering altar of Xom.
  8796 | D:8      | Noticed a hand axe of chaos
  8796 | D:8      | Noticed Cykl0x's ghost (novice GrBe)
  8859 | D:8      | Found a runed door.
  8942 | D:9      | Found a staircase to the Lair.
  8942 | D:9      | Noticed a death yak
  8942 | D:9      | Noticed a death yak
  8942 | D:9      | Noticed a death yak
  9236 | D:8      | Reached skill level 5 in Fighting
  9874 | D:9      | Reached skill level 11 in Unarmed Combat
 10248 | D:9      | Found a shadowy altar of Dithmenos.
 10762 | D:9      | Found an iron altar of Okawaru.
 11026 | D:10     | Entered Level 10 of the Dungeon
 11293 | D:10     | Found a staircase to the Orcish Mines.
 11947 | D:10     | Reached **** piety under Wu Jian
 12866 | D:11     | Reached skill level 12 in Unarmed Combat
 12955 | D:11     | Noticed a cyclops
 12973 | D:11     | Killed a cyclops
 12973 | D:11     | Reached XP level 11. HP: 72/72 MP: 11/11
 13066 | D:11     | Noticed a brown ugly thing
 13086 | D:11     | Killed a brown ugly thing
 13311 | D:11     | Found a blossoming altar of Fedhas.
 13439 | D:12     | Noticed a two-headed ogre
 13535 | D:12     | Noticed a manticore
 13548 | D:12     | Killed a manticore
 13705 | D:12     | Killed an unseen horror
 13809 | D:12     | Noticed a tengu warrior
 13827 | D:12     | Killed a tengu warrior
 13844 | D:12     | Reached skill level 13 in Unarmed Combat
 13898 | D:12     | Reached ***** piety under Wu Jian
 13969 | D:12     | Noticed a four-headed hydra
 13986 | D:12     | Slain by a four-headed hydra

Skill      XL: |  1  2  3  4  5  6  7  8  9 10 11 |
---------------+----------------------------------+-----
Unarmed Combat | 3 4 6 8 10 12 13 | 13.3
Shields        | 4 5 6 7 8 |  8.5
Dodging        | 4 5 6 7 8 |  8.5
Fighting       | 4 5 |  5.7
Evocations     | |  0.3

Action                   |  1- 3 |  4- 6 |  7- 9 | 10-12 || total
-------------------------+-------+-------+-------+-------++-------
Melee: Unarmed           |    88 |   103 |   298 |   420 ||   909
       Constrict         |    25 |    31 |    66 |    49 ||   171
       Tentacles         |    19 |    18 |    73 |    92 ||   202
       Punch             |       |       |    24 |    44 ||    68
 Fire: Blowgun           |       |     2 |       |     5 ||     7
Invok: Lunge             |       |     2 |    41 |    56 ||    99
       Wall Jump         |       |       |    12 |    12 ||    24
       Whirlwind         |       |       |    11 |    29 ||    40
       Serpent's Lash    |       |       |       |     3 ||     3
Evoke: Wand              |       |       |       |     2 ||     2
  Use: Scroll            |     4 |     4 |     3 |     8 ||    19
       Potion            |     2 |     1 |     5 |     9 ||    17
 Stab: Sleeping          |     4 |     4 |    11 |     3 ||    22
       Paralysed         |       |       |     1 |       ||     1
       Distracted        |       |       |       |     2 ||     2
  Eat: Chunk             |     1 |     7 |    10 |     7 ||    25
       Ration            |       |       |     2 |     3 ||     5
Armor: Skin              |     4 |     4 |     6 |    44 ||    58
Dodge: Dodged            |    33 |    45 |   115 |   182 ||   375
Block: Shield            |    40 |    45 |   101 |   204 ||   390
